 Dungeon Crawl Stone Soup version 0.24.0-13-gcf9b319 (webtiles) character file.

Game seed: 10862516906350093035, levelgen mode: deterministic

880 Fang the Skirmisher (level 8, 0/51 HPs)
             Began as a Gargoyle Berserker on Nov 11, 2019.
             Was a Priest of Trog.
             Slain by an orc
             ... wielding a +0 trident
              (3 damage)
             ... while paralysed
             ... on level 5 of the Dungeon.
             The game lasted 00:02:44 (2706 turns).

Fang the Skirmisher (Gargoyle Berserker)            Turns: 2706, Time: 00:02:45

Health: 0/51       AC: 15    Str: 22    XL:     8   Next: 5%
Magic:  8/8        EV:  2    Int:  9    God:    Trog [***...]
Gold:   254        SH:  0    Dex:  9    Spells: 7/7 levels left

rFire    . . .     SeeInvis .   a - +0 hand axe
rCold    . . .     Gourm    .   (no shield)
rNeg     + . .     Faith    .   b - +0 chain mail
rPois    ∞         Spirit   .   (no helmet)
rElec    +         Reflect  .   (no cloak)
rCorr    .         Harm     .   (no gloves)
MR       .....                  (no boots)
Stlth    ..........             (no amulet)
HPRegen  0.17/turn              h - ring of stealth
MPRegen  0.11/turn              (no ring)

@: paralysed, berserk cooldown, slowed
A: negative energy resistance 1, electricity resistance, unbreathing,
petrification resistance, rot immunity, AC +5
a: Berserk, Trog's Hand, Renounce Religion


You were on level 5 of the Dungeon.
You worshipped Trog.
Trog was most pleased with you.
You were hungry.

You visited 2 branches of the dungeon, and saw 6 of its levels.

You collected 254 gold pieces.

Inventory:

Hand Weapons
 a - a +0 hand axe (weapon)
Armour
 b - a +0 chain mail (worn)
Jewellery
 h - a ring of stealth (left hand)
Wands
 p - a wand of disintegration (4)
 q - a wand of iceblast (6)
 t - a wand of flame (24)
Scrolls
 e - 3 scrolls of blinking {unknown}
 g - 3 scrolls of teleportation {unknown}
 i - 2 scrolls of remove curse {unknown}
 j - 2 scrolls of immolation {unknown}
 l - a scroll of enchant weapon {unknown}
 n - 4 scrolls of identify {unknown}
Potions
 d - 2 potions of magic {unknown}
 f - a potion of resistance {unknown}
 k - a potion of haste
 m - 2 potions of mutation {unknown}
 o - a potion of flight {unknown}
 r - a potion of ambrosia {unknown}
 s - a potion of brilliance {unknown}
Comestibles
 c - 10 rations
 u - 11 chunks of flesh


   Skills:
 + Level 5.8 Fighting
 + Level 4.8 Axes
 + Level 5.2 Armour
 + Level 3.9 Dodging


You had 7 spell levels left.
You didn't know any spells.
Your spell library was empty.

Dungeon Overview and Level Annotations

Branches:
Dungeon (5/15)             Temple (1/1) D:4

Altars:
Ashenzari
Cheibriados
Dithmenos
Elyvilon
Fedhas
Makhleb
Nemelex Xobeh
Sif Muna
Trog
Yredelemnul
The Shining One


Innate Abilities, Weirdness & Mutations

You are resistant to torment.
Your stone body is resilient. (AC +5)
You are immune to poison.
You resist negative energy. (rN+)
You are resistant to electric shocks. (rElec)
You can survive without breathing.
You are immune to petrification.
You are immune to rotting.


Message History

Trog accepts your kill.
You have reached level 8!
You feel clever.
You closely miss the orc. The orc hits you but does no damage.
The orc barely misses you.
You slash the orc!
You kill the orc!
Trog accepts your kill.
Trog will now gift you ammunition as you gain piety.
The orc hits you but does no damage. The orc hits you but does no damage. x2
Items here: ))) [[ †† You barely miss the orc.
You completely miss the orc. You closely miss the orc.
You are no longer berserk.
You pass out from exhaustion.
You feel yourself slow down. The orc barely misses you.
The orc hits you but does no damage. The orc hits you but does no damage. x4
The orc hits you with a +0 trident.
You die...

#.# #.# #.# #.# #.#
#.# ## #.# .#
###)###o#.#
#.)...@oK.#
#....#####o......
......... .......
......[... K......
≈≈≈.≈≈.≈≈≈≈ ≈≈.≈...
≈≈≈≈≈≈≈≈≈≈≈≈ ≈≈≈≈...
≈≈≈≈≈≈≈≈≈≈≈≈≈≈≈≈≈...
≈≈≈≈≈≈≈≈≈≈≈≈≈≈≈≈....


You could see 3 orcs and 2 kobolds.

Vanquished Creatures
  Duvessa (D:4)
  An orc warrior (D:5)
  A phantom (D:4)
  A big kobold (D:5)
  Blork the orc (D:4)
  Dowan (D:4)
  A scorpion (D:4)
  2 orc priests
  A centaur skeleton (D:4)
  A gnoll shaman (D:5)
  A worker ant (D:5)
  Ijyb (D:3)
  2 orc wizards (D:5)
  3 gnolls (D:5)
  2 adders
  A howler monkey skeleton (D:4)
  An ooze (D:2)
  A worm (D:3)
  5 dart slugs
  2 leopard geckos (D:4)
  10 orcs
  4 bats
  4 giant cockroaches
  5 goblins
  6 hobgoblins
  2 jackals (D:1)
  5 quokkas
  6 frilled lizards
  4 kobolds
  4 rats
80 creatures vanquished.

Notes
Turn   | Place    | Note
-------+----------+-------------------------------------------
     0 | D:1      | Fang the Gargoyle Berserker began the quest for the Orb.
     0 | D:1      | Reached XP level 1. HP: 14/14 MP: 1/1
    84 | D:1      | Reached XP level 2. HP: 18/19 MP: 2/2
   554 | D:2      | Reached XP level 3. HP: 23/23 MP: 3/3
   622 | D:2      | Reached ** piety under Trog
   662 | D:2      | Found a glowing golden altar of the Shining One.
  1120 | D:3      | Reached XP level 4. HP: 29/29 MP: 4/4
  1446 | D:3      | Noticed Ijyb
  1447 | D:3      | Found a bloodstained altar of Trog.
  1456 | D:3      | Killed Ijyb
  1456 | D:3      | Reached XP level 5. HP: 19/33 MP: 5/5
  1794 | D:4      | Noticed a phantom
  1810 | D:4      | Killed a phantom
  1810 | D:4      | Reached XP level 6. HP: 39/39 MP: 6/6
  1829 | D:4      | Noticed Duvessa
  1829 | D:4      | Noticed Dowan
  1859 | D:4      | Killed Duvessa
  1862 | D:4      | Killed Dowan
  1862 | D:4      | Reached skill level 5 in Fighting
  1968 | D:4      | Reached XP level 7. HP: 44/44 MP: 7/7
  2019 | D:4      | Noticed Blork the orc
  2022 | D:4      | Found a staircase to the Ecumenical Temple.
  2029 | D:4      | Killed Blork the orc
  2083 | Temple   | Entered the Ecumenical Temple
  2295 | D:4      | Found a blossoming altar of Fedhas.
  2323 | D:5      | Entered Level 5 of the Dungeon
  2687 | D:5      | Reached skill level 5 in Armour
  2698 | D:5      | HP: 3/67 [orc warrior/+0 short sword (6)]
  2700 | D:5      | Reached XP level 8. HP: 4/51 MP: 8/8
  2702 | D:5      | Reached *** piety under Trog
  2706 | D:5      | Slain by an orc

Levels and vault maps discovered:
D:1:      minmay_arrival_wavy_path, layout_rooms
D:2:      layout_rooms, nicolae_tso_carved_into_rock, first_ration
D:3:      layout_rooms, bloody_trog, grunt_decor_resistance, uniq_ijyb
D:4:      layout_rooms, lemuel_doored_altar, lemuel_temple_firewalk_a,
          uniq_duvessa, uniq_blork_the_orc
D:5:      minmay_goblin_kobold_castle, layout_basic
Temple:   eino_narrow_crystal_temple

Skill      XL: |  1  2  3  4  5  6  7 |
---------------+----------------------+-----
Dodging        | 2 3 |  3.9
Axes           | 3 4 |  4.8
Fighting       | 4 5 |  5.8
Armour         | 3 4 5 |  5.2

Action                   |  1- 3 |  4- 6 |  7- 9 || total
-------------------------+-------+-------+-------++-------
Melee: Hand axe          |   112 |   110 |   117 ||   339
Invok: Berserk           |     1 |     3 |     3 ||     7
       Trog's Hand       |       |       |     1 ||     1
 Stab: Sleeping          |     1 |       |       ||     1
  Eat: Chunk             |     1 |     6 |     2 ||     9
       Ration            |       |       |     1 ||     1
Armor: Animal skin       |    18 |       |       ||    18
       Chain mail        |    36 |    84 |    83 ||   203
Dodge: Dodged            |    72 |    50 |    56 ||   178
